Map: 2000 Atmospheres LE

Players

Pumba - Winner!

  • Race: Protoss Protoss
  • League: Bronze
  • Spawn Location: 7:00

FIREKICKSCII

  • Race: Protoss Protoss
  • League: Silver
  • Spawn Location: 3:00

VOD

Have the link to the VOD?

Description

Time

  • Played on: Jan. 25, 2022, 5:20 p.m.
  • Length: 15:56
Show
View Real Time Build Order
Export as new Build Order

Pumba Protoss - Winner!

Build Orders: 1 Gate Expand 

Get SALT Encoding   

  12  0:01  Probe  
  13  0:13  Probe  
  14  0:22  Pylon  
  14  0:25  Probe  
  15  0:40  Probe (Chrono Boost)  
  16  0:44  Gateway  
  16  0:50  Probe (Chrono Boost)  
  16  0:53  Assimilator  
  16  0:56  Probe  
  18  1:17  Probe  
  19  1:30  Probe  
  20  1:39  Nexus  
  20  1:47  Cybernetics Core  
  20  1:51  Probe  
  21  1:56  Assimilator  
  21  2:03  Probe  
  21  2:06  Pylon  
  22  2:18  Warp Gate  
  22  2:22  Probe  
  23  2:25  Stalker (Chrono Boost)  
  25  2:34  Probe  
  25  3:53  Probe x2  
  27  4:05  Probe x2  
  29  4:12  Stalker  
  29  4:13  Robotics Facility  
  31  4:17  Probe  
  31  4:18  Probe  
  31  4:20  Gateway  
  31  4:22  Gateway  
  33  4:25  Pylon  
  33  4:30  Probe  
  34  4:31  Pylon  
  34  4:46  Stalker  
  37  4:52  Probe  
  37  4:53  Probe  
  38  5:05  Probe x2  
  40  5:14  Nexus  
  40  5:17  Probe x2  
  42  5:30  Probe x2  
  44  5:38  Assimilator  
  44  5:42  Probe x2  
  46  5:44  Assimilator  
  46  5:46  Assimilator  
  46  5:54  Probe  
  47  5:57  Assimilator  
  47  6:00  Assimilator  
  47  6:09  Observer (Chrono Boost)  
  48  6:17  Stalker x3  
  54  6:45  Stalker x3  
  54  6:48  Probe (Chrono Boost)  
  53  6:54  Probe (Chrono Boost)  
  53  6:58  Probe (Chrono Boost)  
  53  7:00  Shield Battery  
  54  7:03  Probe (Chrono Boost)  
  54  7:05  Shield Battery  
  55  7:20  Twilight Council  
  55  7:21  Gateway  
  55  7:24  Gateway x2  
  55  7:25  Gateway  
  55  7:26  Gateway  
  55  7:29  Gateway  
  55  7:33  Gateway  
  55  7:35  Gateway  
  55  7:43  Pylon  
  55  7:45  Pylon  
  55  7:52  Pylon  
  55  7:55  Pylon  
  55  7:56  Pylon  
  55  7:58  Pylon  
  55  7:59  Pylon  
  55  8:16  Robotics Facility  
  55  8:20  Templar Archives  
  55  8:26  Robotics Facility, Templar Archives  
  55  8:33  Robotics Facility  
  55  8:39  Charge (Chrono Boost)  
  55  8:41  Templar Archives  
  55  9:07  Zealot x11  
  77  9:18  Warp Prism (Chrono Boost)  
  79  9:33  Probe  
  79  9:34  Probe  
  81  9:38  Zealot x6  
  81  9:39  Zealot x5  
  103  9:46  Probe x2  
  105  10:03  Zealot  
  105  10:04  Zealot  
  109  10:15  Pylon  
  109  10:16  Pylon  
  109  10:18  Pylon  
  109  10:19  Pylon  
  106  10:21  Pylon  
  106  10:23  Pylon  
  106  10:25  Pylon  
  106  10:45  High Templar x11  
  106  10:49  Archon x2  
  128  10:50  Archon x3  
  123  11:19  Stalker x11  
  139  12:22  Zealot x4  
  139  12:23  Zealot  
  149  12:58  Zealot x3  
  139  13:07  Pylon  
  139  13:08  Pylon  
  139  13:11  Pylon  
  109  14:09  Pylon  
  109  14:14  Pylon  
  109  14:38  Probe  
  109  14:59  Forge  
  109  15:00  Forge  
  109  15:02  Nexus  
  109  15:08  Probe x2  
  109  15:14  Nexus  
  109  15:20  Probe x2  
  109  15:32  Probe x2  
Show
View Real Time Build Order
Export as new Build Order

FIREKICKSCII Protoss 

Build Orders:  

Get SALT Encoding   

  12  0:01  Probe (Chrono Boost)  
  13  0:11  Probe (Chrono Boost)  
  14  0:15  Probe (Chrono Boost)  
  15  0:29  Pylon  
  15  0:39  Assimilator  
  15  0:47  Probe  
  16  0:57  Gateway  
  16  0:59  Probe (Chrono Boost)  
  18  1:11  Probe (Chrono Boost)  
  18  1:16  Probe (Chrono Boost)  
  19  1:21  Assimilator  
  19  1:26  Probe  
  20  1:35  Forge  
  20  1:38  Probe  
  21  1:50  Probe  
  22  1:55  Cybernetics Core  
  22  2:01  Gateway  
  22  2:19  Pylon  
  22  2:32  Probe (Chrono Boost)  
  23  2:37  Zealot  
  23  2:43  Nexus  
  25  2:48  Pylon  
  25  2:58  Photon Cannon  
  25  3:10  Stargate  
  25  3:21  Assimilator  
  25  3:23  Stalker x2  
  29  3:38  Probe  
  30  3:50  Probe  
  30  3:53  Void Ray (Chrono Boost)  
  35  4:06  Probe (Chrono Boost)  
  36  4:11  Probe (Chrono Boost)  
  37  4:23  Probe (Chrono Boost), Void Ray  
  37  4:24  Probe (Chrono Boost)  
  43  4:28  Probe (Chrono Boost)  
  43  4:30  Probe (Chrono Boost)  
  45  4:37  Probe  
  46  4:42  Probe, Pylon  
  47  4:53  Probe  
  47  4:55  Probe  
  49  5:00  Void Ray  
  49  5:05  Probe  
  49  5:07  Probe  
  55  5:10  Photon Cannon  
  55  5:19  Pylon  
  55  5:22  Photon Cannon  
  55  5:24  Probe (Chrono Boost)  
  56  5:34  Probe (Chrono Boost)  
  57  5:39  Zealot x2, Probe (Chrono Boost)  
  62  5:49  Protoss Air Weapons Level 1  
  62  5:51  Assimilator  
  62  5:54  Probe (Chrono Boost)  
  62  5:55  Probe (Chrono Boost)  
  64  6:01  Pylon  
  64  6:03  Probe (Chrono Boost)  
  66  6:06  Zealot x2, Probe (Chrono Boost)  
  70  6:17  Pylon  
  70  6:19  Probe  
  71  6:33  Stalker x2  
  71  6:34  Pylon  
  75  6:44  Photon Cannon  
  71  7:03  Stalker  
  73  7:27  Nexus  
  73  8:16  Zealot  
  73  8:17  Zealot  
  77  8:44  Zealot x2, Probe (Chrono Boost)  
  77  8:45  Pylon  
  78  8:54  Probe (Chrono Boost)  
  77  8:59  Probe (Chrono Boost)  
  78  9:09  Pylon  
  78  9:10  Probe  
  78  9:11  Zealot x2  
  78  9:14  Robotics Facility  
  83  9:18  Twilight Council  
  83  9:22  Probe, Photon Cannon  
  84  9:26  Pylon  
  84  9:29  Photon Cannon  
  84  9:32  Photon Cannon  
  84  9:34  Probe  
  84  9:36  Shield Battery  
  84  9:38  Zealot  
  87  9:46  Probe  
  88  9:59  Probe  
  89  10:11  Probe  
  80  10:23  Probe  
  81  10:33  Void Ray  
  85  10:38  Gateway  
  85  10:41  Immortal, Gateway  
  89  10:46  Shield Battery  
  89  10:51  Pylon  
  83  11:18  Probe  
  83  11:20  Immortal  
  77  11:30  Probe  
  77  11:32  Nexus  
  68  11:34  Zealot x2  
  68  11:36  Charge  
  64  11:42  Probe  
  64  11:46  Forge  
  48  11:53  Pylon  
  48  11:54  Probe  
  48  11:58  Cybernetics Core  
  48  11:59  Immortal  
  48  12:01  Zealot x2  
  47  12:03  Pylon  
  47  12:07  Probe  
  44  12:21  Nexus  
  44  12:22  Photon Cannon  
  44  12:28  Zealot x2, Pylon  
  48  12:31  Photon Cannon  
  48  12:33  Photon Cannon  
  48  12:38  Immortal, Photon Cannon  
  48  12:43  Pylon  
  52  12:44  Pylon  
  52  12:46  Probe (Chrono Boost)  
  53  12:55  Zealot  
  53  12:56  Probe (Chrono Boost)  
  50  13:01  Probe (Chrono Boost)  
  48  13:12  Probe  
  45  13:14  Stargate  
  45  13:18  Cybernetics Core  
  45  13:24  Probe  
  45  13:26  Pylon  
  36  13:29  Pylon  
  36  13:33  Pylon  
  36  13:39  Photon Cannon  
  31  13:41  Pylon  
Tags
 
Add a new tag
Caveats
  • Supply blocks, unpowered buildings, or Contaminate may cause inaccurate times.
  • Supply counts are checked every 10 seconds.